 Dungeon Crawl Stone Soup version 0.25.1-2-g60ff931df9 (webtiles) character file.

Game seed: 14724134681905089826

61 Sissy the Skirmisher (level 3, -2/30 HPs)
             Began as a Demonspawn Abyssal Knight on Oct 29, 2020.
             Was a Follower of Lugonu.
             Slain by Sigmund
             ... wielding a +0 scythe
              (8 damage)
             ... on level 2 of the Dungeon.
             The game lasted 00:04:12 (2061 turns).

Sissy the Skirmisher (Demonspawn Abyssal Knight)    Turns: 2061, Time: 00:04:13

Health: -2/30      AC:  3    Str: 13    XL:     3   Next: 83%
Magic:  4/4        EV: 11    Int: 13    God:    Lugonu [*.....]
Gold:   7          SH:  0    Dex: 12    Spells: 2/2 levels left

rFire    . . .     SeeInvis .   f - +2 short sword (vamp)
rCold    . . .     Gourm    .   (no shield)
rNeg     . . .     Faith    .   b - +0 leather armour
rPois    .         Spirit   .   (no helmet)
rElec    .         Reflect  .   (no cloak)
rCorr    .         Harm     .   (no gloves)
MR       .....                  (no boots)
Stlth    +.........             (no amulet)
HPRegen  0.10/turn              (no ring)
MPRegen  0.09/turn              (no ring)

@: no status effects
A: talons 1, spiny 1
a: Depart the Abyss, Renounce Religion


You were on level 2 of the Dungeon.
You worshipped Lugonu.
Lugonu was aware of your devotion.
You were hungry.

You visited 1 branch of the dungeon, and saw 2 of its levels.
You visited the Abyss 1 time.

You collected 7 gold pieces.

Inventory:

Hand Weapons
 a - a +1 spear
 f - a +2 vampiric short sword (weapon)
Armour
 b - a +0 leather armour (worn)
 d - a +0 robe
Jewellery
 n - a cursed amulet of inaccuracy {unknown}
Scrolls
 g - a scroll of fog {unknown}
 h - a scroll of remove curse {unknown}
 i - a scroll of enchant weapon {unknown}
 j - a scroll of teleportation {unknown}
Comestibles
 c - 2 rations


   Skills:
 + Level 4.1 Fighting
 * Level 1.1 Short Blades
 - Level 2.2 Polearms
 - Level 2.0 Armour
 - Level 0.8 Dodging
 - Level 2.6 Invocations


You had 2 spell levels left.
You didn't know any spells.
Your spell library was empty.

Dungeon Overview and Level Annotations

Branches:
Dungeon (2/15)

Altars:
Ru

Annotations:
D:2 Sigmund


Innate Abilities, Weirdness & Mutations

You have sharp toenails.
You are partially covered in sharp spines.


Message History

Sigmund gestures at you while chanting. The magic dart hits you!
Sigmund closely misses you.
It was a potion of cancellation.
You feel magically purged.
It was a potion of curing.
You feel better.
Sigmund mumbles some strange words.
Sigmund flickers and vanishes!
Deactivating autopickup; reactivate with Ctrl-A.
You closely miss something. Your kick misses something.
Something hits you but does no damage.
You hit something.
You feel better.
Your kick misses something. Something hits you.
You barely miss something. You hit something.
You feel better. Something hits you!
You closely miss something. Your kick misses something.
You hear some strange, mumbled words.
A magic dart appears from out of thin air!
The magic dart hits you!
* * * LOW HITPOINT WARNING * * *
You barely miss something. You claw something. Something hits you!
You die...

.......# ###.#.#...#...#.#
.......# #.....#...#...#.#
.......# #.....'#######'.#
.......# #..........#....#
.......# #..........####.#
.......#####..........###..######
........................>.......#
.......#####..........#.######.##
.......# #...{@.<...#.# #.#
......<# #..........#.# #.#
#.###### #..........#.# #.# #
#..........#.# #.# #..........#.#
#.# #..........#.# #.#
#............######.#
#.....(.............#
#....(.......########


There were no monsters in sight!

Vanquished Creatures
  An orc wizard (D:2)
  A worm (D:2)
  A dart slug (D:1)
  A leopard gecko (D:1)
  6 goblins
  5 hobgoblins
  3 jackals
  3 bats
  2 frilled lizards
  3 kobolds
  3 rats (D:1)
29 creatures vanquished.

Notes
Turn   | Place    | Note
-------+----------+-------------------------------------------
     0 | Abyss:1  | Sissy the Demonspawn Abyssal Knight began the quest for the
                  | Orb.
     0 | Abyss:1  | Reached XP level 1. HP: 18/18 MP: 2/2
    30 | Abyss:1  | Noticed a small abomination
    35 | D:1      | Escaped the Abyss
   676 | D:1      | Gained mutation: You have sharp toenails. [demonic
                  | ancestry]
   676 | D:1      | Reached XP level 2. HP: 24/24 MP: 3/3
  1374 | D:2      | Reached * piety under Lugonu
  1391 | D:2      | Gained mutation: You are partially covered in sharp spines.
                  | [demonic ancestry]
  1391 | D:2      | Reached XP level 3. HP: 22/30 MP: 4/4
  1528 | D:2      | Found a sacrificial altar of Ru.
  1541 | D:2      | Reached skill level 4 in Fighting
  1541 | D:2      | Reached skill level 1 in Short Blades
  1748 | D:2      | Noticed Sigmund
  2061 | D:2      | Slain by Sigmund

Illustrated notes

Levels and vault maps discovered:
D:1:      dpeg_arrival_court, layout_basic
D:2:      layout_basic, nicolae_ru_great_annihilating_truth, uniq_sigmund,
          uniq_terence

Skill      XL: |  1  2  3 |
---------------+----------+-----
Armour         | 2 |  2.0
Polearms       | 2 |  2.2
Fighting       | 4 |  4.1
Short Blades   | 1 |  1.1
Dodging        | |  0.8
Invocations    | |  2.6

Action                   || total
-------------------------++-------
Melee: Spear             ||    59
       Short sword       ||    43
       Kick              ||    18
Invok: Depart the Abyss  ||     1
  Use: Potion            ||     4
  Eat: Chunk             ||     3
Armor: Leather armour    ||    20
Dodge: Dodged            ||    62
